 Dungeon Crawl Stone Soup version 0.29.1-15-g9cfb28693d (webtiles) character file.

Game seed: 7991156281486611332

2836 BuddhaDhamma the Severer (level 9, -2/70 HPs)
             Began as a Minotaur Berserker on Feb 28, 2023.
             Was an Elder of Trog.
             Slain by an orc warrior
             ... wielding a +0 trident
              (11 damage)
             ... on level 7 of the Dungeon.
             The game lasted 00:14:26 (8425 turns).

BuddhaDhamma the Severer (Minotaur Berserker)       Turns: 8425, Time: 00:14:27

Health: -2/70      AC: 13    Str: 26    XL:     9   Next: 45%
Magic:  8/8        EV: 12    Int:  4    God:    Trog [****..]
Gold:   447        SH:  0    Dex: 16    Spells: 8/8 levels left

rFire   . . .      SeeInvis .   a - +0 hand axe
rCold   . . .      Faith    .   (no shield)
rNeg    . . .      Spirit   .   m - +1 plate armour
rPois   .          Reflect  .   (helmet restricted)
rElec   .          Harm     .   f - +0 cloak
rCorr   .          Rampage  .   (no gloves)
Will    .....                   (no boots)
Stlth   ..........              (no amulet)
HPRegen 0.21/turn               h - +6 ring of dexterity
MPRegen 0.11/turn               v - +4 ring of evasion

@: no status effects
A: horns 2, retaliatory headbutt
a: Renounce Religion, Berserk, Trog's Hand, Brothers in Arms


You were on level 7 of the Dungeon.
You worshipped Trog.
Trog was greatly pleased with you.
You visited 1 branch of the dungeon, and saw 7 of its levels.

You collected 447 gold pieces.

Inventory:

Hand Weapons
 a - a +0 hand axe (weapon)
Missiles
 n - 16 poisoned darts (quivered)
 p - a throwing net
Armour
 f - a +0 cloak (worn)
 m - a +1 plate armour (worn)
Jewellery
 h - a +6 ring of dexterity (left hand)
 t - a ring of positive energy
 v - a +4 ring of evasion (right hand)
Wands
 c - a wand of flame (13)
 u - a wand of quicksilver (9)
Scrolls
 e - 5 scrolls of teleportation
 l - a scroll of poison {unknown}
 o - 2 scrolls of magic mapping
Potions
 b - 2 potions of magic
 d - 2 potions of mutation
 g - a potion of resistance {unknown}
 i - 4 potions of curing
 j - 3 potions of heal wounds
 k - a potion of might {unknown}
 q - a potion of berserk rage
 r - a potion of ambrosia {unknown}
 s - a potion of haste {unknown}
 w - a potion of flight {unknown}


   Skills:
 - Level 3.6 Fighting
 + Level 15.6 Axes
 - Level 2.4 Armour
 - Level 2.1 Dodging


You had 8 spell levels left.
You didn't know any spells.
Your spell library was empty.

Dungeon Overview and Level Annotations

Branches:
Dungeon (7/15)             Temple (0/1) D:7

Altars:
Vehumet

Annotations:
D:5 3 runed translucent doors, croobank's ghost, novice OpDe; hawla's ghost, amateur MeIE


Innate Abilities, Weirdness & Mutations

You have a pair of horns on your head.
You reflexively headbutt those who attack you in melee.


Message History

The orc warrior hits you with a +0 trident.
The scorpion stings you but does no damage.
Things that are here:
a +0 whip; an orc corpse You are too injured to fight recklessly!
You are too injured to fight recklessly!
You are too injured to fight recklessly!
You are too injured to fight recklessly!
You hit the scorpion.
The scorpion is lightly wounded.
You closely miss the orc warrior. You hit the scorpion.
The scorpion is moderately wounded.
You hit the orc warrior but do no damage.
The scorpion stings you. The orc warrior closely misses you.
You furiously retaliate!
You headbutt the orc warrior.
The orc priest calls down the wrath of Beogh upon you.
Beogh smites you!
You hit the scorpion.
You headbutt the scorpion, but do no damage.
The scorpion is moderately wounded.
You hit the orc warrior. The scorpion barely misses you.
You furiously retaliate!
You headbutt the scorpion, but do no damage.
You hit the scorpion but do no damage. Your headbutt misses the scorpion.
The scorpion is moderately wounded.
You hit the orc warrior but do no damage.
The orc priest calls down the wrath of Beogh upon you.
Beogh smites you!
The orc warrior hits you with a +0 trident.
* * * LOW HITPOINT WARNING * * *
You hit the scorpion. Your headbutt misses the scorpion.
The scorpion is heavily wounded.
You hit the orc warrior.
The scorpion stings you but does no damage.
The orc priest mumbles some strange prayers to Beogh against you.
Beogh smites you!
* * * LOW HITPOINT WARNING * * *
The orc warrior hits you with a +0 trident!
You die...

#......####..#..#.##.###.#..#.
.......# ##..##..#..#.#....#.#
#.##..###
#...################# .. ..#
###........... #......#
............. ##..#...
#........... ........
..##...o......# ####...
......os...# ##..... #@#
##...#.. #†### ##.....##
##...## #.......# ##.....##
#.......# #.......####.......#
#.......#.........##
#.........##.......#
##.......###.......#
##.....### #.......#


You could see an orc warrior, a scorpion and an orc priest.

Vanquished Creatures
  Prince Ribbit (D:6)
  The ghost of growler the Ruffian, an amateur DrTm of Wu Jian (D:4)
  3 water moccasins (D:7)
  2 black bears
  An ice beast (D:7)
  5 ogres
  2 phantoms
  A kobold brigand (D:7)
  3 necrophages
  2 bullfrogs (D:7)
  A scorpion (D:4)
  A howler monkey (D:5)
  2 bullfrog zombies (D:4)
  A quasit (D:5)
  7 hounds
  A bullfrog skeleton (D:4)
  3 orc priests
  3 iguanas
  Ijyb (D:3)
  5 orc wizards
  A gnoll (D:4)
  6 adders
  A shadow imp (D:5)
  2 white imps
  2 ufetubi (D:5)
  4 worms
  3 dart slugs
  30 orcs
  3 endoplasms
  A giant cockroach (D:4)
  9 goblins
  6 hobgoblins
  6 jackals
  A quokka (D:1)
  5 ball pythons
  5 bats
  2 frilled lizards
  14 kobolds
  8 rats
155 creatures vanquished.

Vanquished Creatures (others)
  6 withered plants (D:5)
6 creatures vanquished.

Grand Total: 161 creatures vanquished

Notes
Turn   | Place    | Note
-------+----------+-------------------------------------------
     0 | D:1      | BuddhaDhamma the Minotaur Berserker began the quest for the
                  | Orb.
     0 | D:1      | Reached XP level 1. HP: 19/19 MP: 0/0
   284 | D:1      | Reached skill level 4 in Axes
   519 | D:1      | Reached XP level 2. HP: 26/26 MP: 1/1
   619 | D:1      | Found a faded altar of an unknown god.
   620 | D:1      | Noticed a shining eye
   624 | D:1      | Noticed a golden eye
   624 | D:1      | Noticed a golden eye
   624 | D:1      | Noticed a floating eye
  1200 | D:2      | Reached skill level 5 in Axes
  1466 | D:2      | Reached XP level 3. HP: 27/31 MP: 2/2
  1891 | D:2      | Reached ** piety under Trog
  2383 | D:3      | Noticed a necrophage
  2399 | D:3      | Killed a necrophage
  2400 | D:3      | Reached skill level 6 in Axes
  2400 | D:3      | Reached XP level 4. HP: 39/39 MP: 3/3
  2523 | D:3      | Reached skill level 7 in Axes
  2523 | D:3      | Reached XP level 5. HP: 25/45 MP: 4/4
  2912 | D:3      | Noticed Ijyb
  2927 | D:3      | Killed Ijyb
  3438 | D:4      | Reached *** piety under Trog
  3460 | D:4      | Reached skill level 8 in Axes
  3460 | D:4      | Reached XP level 6. HP: 15/51 MP: 5/5
  3856 | D:4      | Reached skill level 9 in Axes
  4010 | D:4      | Reached XP level 7. HP: 37/57 MP: 6/6
  4193 | D:4      | Found a runed translucent gate.
  4193 | D:4      | Found a runed translucent gate.
  4193 | D:4      | Found a runed translucent gate.
  4193 | D:4      | Noticed growler's ghost (amateur DrTm)
  4836 | D:4      | Reached skill level 10 in Axes
  4842 | D:4      | Killed growler's ghost
  4899 | D:5      | Entered Level 5 of the Dungeon
  4916 | D:5      | Reached skill level 11 in Axes
  5145 | D:5      | Found a runed translucent gate.
  5145 | D:5      | Found a runed translucent gate.
  5145 | D:5      | Found a runed translucent gate.
  5147 | D:5      | Noticed hawla's ghost (amateur MeIE)
  5147 | D:5      | Noticed croobank's ghost (novice OpDe)
  5191 | D:5      | Reached XP level 8. HP: 64/64 MP: 7/7
  5206 | D:5      | Reached skill level 12 in Axes
  5847 | D:5      | Reached **** piety under Trog
  6023 | D:5      | Reached skill level 13 in Axes
  6511 | D:6      | Found a radiant altar of Vehumet.
  6770 | D:6      | Noticed Prince Ribbit
  6788 | D:6      | Killed Prince Ribbit
  6789 | D:6      | Reached skill level 14 in Axes
  7055 | D:6      | Reached XP level 9. HP: 68/70 MP: 8/8
  7879 | D:7      | Reached skill level 15 in Axes
  8314 | D:7      | Found a staircase to the Ecumenical Temple.
  8425 | D:7      | Slain by an orc warrior

Illustrated notes

Levels and vault maps discovered:
D:1:      sevenhm_arrival_forest_fort_large_2, layout_basic,
          hellmonk_ecumenical_altar_watching_god
D:2:      layout_basic, minmay_tetromino_s4
D:3:      kennysheep_the_goblin_king, layout_basic, minmay_misc_feat_room
D:4:      minmay_opposing_rooms, layout_basic, gammafunk_ghost_necromancy
D:5:      layout_cave_pools, gammafunk_ghost_cemetery, serial_demonic,
          serial_demonic_c, serial_demonic_e, serial_demonic_g,
          serial_demonic_f, cheibrodos_sewer_entry_bend,
          kennysheep_generic_room_10
D:6:      layout_basic, nicolae_vehumet_radiance, uniq_prince_ribbit1
D:7:      layout_rooms, minmay_temple_entry_statues, grunt_decor_cap,
          minmay_misc_feat_rugged, eino_jars

Skill      XL: |  1  2  3  4  5  6  7  8  9 |
---------------+----------------------------+-----
Axes           | 4 5 6 7 8 9 11 14 15 | 15.6
Fighting       | |  3.6
Armour         | |  2.4
Dodging        | |  2.1

Action                   |  1- 3 |  4- 6 |  7- 9 || total
-------------------------+-------+-------+-------++-------
Melee: Hand axe          |    69 |   121 |   242 ||   432
       Headbutt          |    14 |    20 |    49 ||    83
       Punch             |     1 |     2 |     2 ||     5
Throw: Dart              |     4 |     1 |    21 ||    26
Invok: Berserk           |       |       |     5 ||     5
  Use: Scroll            |    10 |     3 |     4 ||    17
Armor: Animal skin       |     5 |       |       ||     5
       Scale mail        |     6 |       |       ||     6
       Plate armour      |    16 |    66 |   136 ||   218
Dodge: Dodged            |    35 |    43 |    81 ||   159
